Map: Abyssal Reef LE

Players

iAsonu - Winner!

  • Race: Zerg Zerg
  • Spawn Location: 11:00

SortOf

  • Race: Zerg Zerg
  • Spawn Location: 5:00

Event: WCS Jonkoping 2017

VOD

Have the link to the VOD?

Description

Time

  • Played on: June 17, 2017, 2:36 p.m.
  • Length: 9:36

All games in this series

Show
View Real Time Build Order
Export as new Build Order

iAsonu Zerg - Winner!

Build Orders: Pool First 

Get SALT Encoding   

  12  0:18  Spawning Pool  
  11  0:22  Drone  
  11  0:27  Drone  
  13  0:32  Extractor  
  13  0:34  Drone  
  13  0:44  Overlord  
  13  1:05  Zergling x4  
  13  1:06  Zergling x2  
  13  1:10  Queen  
  18  1:16  Zergling x2  
  19  1:27  Zergling x2  
  20  1:32  Metabolic Boost  
  20  1:38  Zergling x2  
  21  1:49  Overlord  
  21  1:59  Baneling Nest  
  20  2:05  Zergling x2  
  21  2:17  Zergling x2  
  22  2:28  Zergling x6  
  25  2:40  Zergling x2  
  25  2:42  Baneling  
  25  2:43  Baneling x2  
  26  2:44  Baneling  
  26  2:49  Zergling x2  
  27  2:56  Drone x2  
  29  2:58  Drone  
  30  3:08  Overlord  
  29  3:34  Hatchery  
  28  3:38  Drone  
  29  3:41  Drone  
  29  3:46  Drone  
  31  3:49  Drone  
  31  3:54  Drone  
  33  4:03  Drone  
  33  4:09  Drone  
  35  4:15  Zergling x2  
  33  4:17  Queen  
  33  4:22  Zergling x2  
  36  4:29  Zergling x2  
  37  4:32  Evolution Chamber  
  37  4:36  Drone  
  37  4:40  Drone  
  38  4:48  Drone x2  
  38  4:49  Drone  
  38  4:52  Baneling x2  
  41  4:54  Drone  
  41  4:57  Drone  
  42  5:01  Drone  
  43  5:11  Baneling x4  
  43  5:14  Overlord  
  43  5:15  Baneling  
  43  5:17  Baneling, Drone  
  43  5:18  Overlord  
  44  5:28  Drone  
  44  5:31  Baneling x2  
  44  5:34  Drone x2  
  46  5:38  Drone x2  
  46  5:39  Drone  
  46  5:40  Drone  
  46  5:41  Drone x2  
  52  5:46  Drone x2  
  54  5:55  Drone  
  54  5:56  Extractor  
  55  5:57  Drone  
  55  5:58  Extractor  
  54  6:06  Drone x2  
  54  6:09  Drone x2  
  58  6:13  Hatchery  
  58  6:15  Roach Warren  
  58  6:18  Drone  
  57  6:23  Drone  
  57  6:26  Drone x2  
  57  6:34  Lair  
  57  6:37  Queen  
  59  6:42  Drone  
  59  6:43  Overlord  
  60  6:47  Overlord  
  60  6:50  Overlord, Zerg Missile Weapons Level 1  
  60  6:53  Overlord  
  60  6:57  Overlord  
  60  7:01  Overlord  
  60  7:02  Roach  
  60  7:08  Overlord  
  62  7:10  Roach x2  
  62  7:11  Drone  
  62  7:12  Drone  
  62  7:13  Drone  
  62  7:14  Drone  
  70  7:22  Drone  
  71  7:25  Drone x3  
  70  7:31  Drone  
  70  7:36  Drone x2  
  69  7:37  Glial Reconstitution  
  69  7:38  Drone  
  69  7:39  Drone  
  69  7:42  Drone  
  71  7:48  Drone x2  
  71  7:49  Drone  
  71  7:50  Queen, Drone  
  77  7:52  Extractor  
  77  7:54  Overlord  
  77  7:57  Extractor, Overlord  
  77  7:58  Roach  
  77  8:01  Extractor, Spire, Drone x3  
  77  8:07  Roach  
  77  8:11  Roach  
  77  8:12  Hatchery  
  80  8:13  Overseer  
  80  8:21  Roach x6  
  80  8:25  Spine Crawler  
  80  8:26  Overlord  
  91  8:30  Overlord  
  91  8:32  Overlord  
  91  8:33  Roach x2  
  95  8:37  Roach x2  
  99  8:43  Spine Crawler  
  99  8:44  Roach x6  
  111  8:51  Roach x3  
  117  9:01  Roach x4  
  127  9:12  Roach  
  127  9:13  Roach  
Show
View Real Time Build Order
Export as new Build Order

SortOf Zerg 

Build Orders: Hatch First 

Get SALT Encoding   

  12  0:01  Drone  
  13  0:13  Overlord  
  13  0:17  Drone  
  14  0:31  Drone x2  
  16  0:38  Drone  
  17  0:47  Drone  
  18  0:57  Hatchery  
  17  0:58  Drone  
  17  1:02  Extractor  
  17  1:13  Spawning Pool  
  17  1:16  Drone  
  17  1:19  Drone  
  18  1:28  Drone  
  19  2:00  Queen  
  21  2:01  Zergling x2  
  21  2:02  Spine Crawler  
  21  2:04  Zergling x2  
  21  2:08  Queen  
  22  2:09  Zergling x2  
  22  2:13  Zergling x2  
  26  2:16  Zergling x2  
  27  2:29  Zergling x2  
  28  2:43  Metabolic Boost  
  28  2:51  Baneling Nest  
  28  2:57  Overlord  
  27  3:05  Overlord  
  27  3:16  Queen  
  29  3:22  Drone  
  29  3:24  Drone  
  29  3:26  Drone  
  32  3:34  Baneling  
  32  3:35  Baneling x2  
  32  3:40  Zergling x2  
  33  3:41  Baneling  
  33  3:45  Zergling x2  
  34  4:05  Baneling  
  34  4:06  Baneling  
  34  4:22  Drone  
  34  4:27  Zergling x4  
  35  4:33  Hatchery  
  34  4:47  Zergling x4  
  35  5:02  Overlord  
  35  5:09  Overlord  
  35  5:14  Hatchery, Drone x2  
  34  5:17  Drone  
  33  5:22  Drone  
  32  5:32  Drone  
  33  5:42  Drone x4  
  38  5:50  Drone  
  38  6:02  Drone x2  
  40  6:07  Roach Warren  
  39  6:14  Drone x4  
  43  6:23  Zergling x10  
  47  6:29  Extractor  
  47  6:30  Drone x3  
  47  6:31  Extractor  
  36  6:39  Drone x5  
  41  6:45  Drone x2  
  41  6:46  Drone  
  44  6:50  Drone  
  44  6:51  Drone  
  46  6:58  Overlord  
  46  7:12  Overlord  
  46  7:13  Overlord  
  46  7:15  Roach x2  
  50  7:16  Roach  
  50  7:20  Roach  
  54  7:28  Roach x2  
  55  7:30  Roach  
  55  7:33  Roach  
  58  7:38  Roach  
  58  7:39  Roach  
  59  7:46  Roach  
  59  7:48  Roach  
  61  7:52  Roach  
  61  7:54  Ravager x3  
  61  7:55  Ravager  
  61  7:58  Roach  
  69  8:01  Roach  
  69  8:04  Roach  
  73  8:07  Overlord  
  73  8:09  Zergling x6  
  76  8:16  Zergling x6  
  79  8:21  Zergling x6  
  79  8:24  Ravager x2  
  79  8:25  Ravager  
  85  8:33  Zergling x10  
  90  8:39  Zergling x6  
  93  8:41  Ravager  
  93  8:45  Overlord  
  93  8:46  Zergling x2  
  95  8:50  Zergling x4  
  97  8:57  Zergling x2  
  97  9:00  Overlord  
  98  9:08  Zergling x4  
  94  9:12  Zergling x2  
  94  9:16  Zergling x2  
Tags
 
Add a new tag
Caveats
  • Supply blocks, unpowered buildings, or Contaminate may cause inaccurate times.
  • Supply counts are checked every 10 seconds.